[Event "Schack-SM 2023: Mastarklassen"]
[Site "Helsingborg Arena, Mellersta Stenbocksgatan 14, Helsingborg, Sweden"]
[Date "2023.07.08"]
[Round "8.9"]
[White "Muntean, Victor"]
[Black "Carlstrom, Niklas"]
[Result "1-0"]
[TimeControl "90 minutes for 40 moves + 30 minutes for the rest of games + 30 seconds per move from move one."]
[WhiteElo "2097"]
[BlackElo "2125"]

1. e4 e6 2. d4 d5 3. e5 c5 4.
c3 Nc6 5. Nf3 Nge7 6. Bd3 cxd4 7. cxd4 Nf5 8. Bxf5 exf5 9. O-O Be6 10. b3 Be7 11. Ba3 g5 12. Bxe7 Qxe7 13. Nc3 g4 14.
Ne1 Qb4 15. Ne2 Rc8 16. Nd3 Qe7 17. Ndf4 Qg5 18. Rc1 O-O 19. Qd2 b6 20. Qe3 h6 21. Ng3 Ne7 22. Ngh5 Rfd8 23. Nf6+ Kh8 24.
Rxc8 Rxc8 25. Rc1 Rxc1+ 26. Qxc1 Ng8 27. Nxg8 Kxg8 28. g3 Qe7 29. a3 Kh7 30. Nh5 Qb7 31. Nf6+ Kg7 32. Qc7 Qxc7 33.
Ne8+ Kf8 34. Nxc7 Ke7 35. Kf1 Kd7 36. Nb5 a6 37. Nc3 Kc6 38. Ke2 a5 39. Ke3 Bc8 40. Kf4 Bd7 41. a4 Kb7 42.
Nb5 Kc6 43. Nd6 Kc7 44. Nxf7 b5 45. axb5 Bxb5 46. e6 Bc4 47. bxc4 a4 48. cxd5 a3 49. d6+ Kb7 50. e7 a2 51.
e8=Q a1=Q 52. Nd8+ 1-0

[ePGN "0.1;DGT LiveChess/2.2.5"]

[Event "Schack-SM 2023: Sverigemastarklassen"]
[Site "Helsingborg Arena, Mellersta Stenbocksgatan 14, Helsingborg, Sweden"]
[Date "2023.07.08"]
[Round "8.1"]
[White "Pantzar, Milton"]
[Black "Seo, Jung Min"]
[Result "1/2-1/2"]
[TimeControl "90 minutes for 40 moves + 30 minutes for the rest of the game + 30 seconds per move from move one."]
[WhiteTitle "IM"]
[BlackTitle "IM"]
[WhiteFideId "1721003"]
[BlackFideId "1734687"]
[WhiteElo "2442"]
[BlackElo "2469"]

1. d4 d5 2. Nf3 Nf6 3. c4 dxc4 4. e3 e6 5. Bxc4 c5 6. O-O a6 7. dxc5 Qxd1 8. Rxd1 Bxc5 9. Be2 O-O 10.
Nbd2 Rd8 11. Ne5 b5 12. Nb3 Rxd1+ 13. Bxd1 Bd6 14. Nd3 Bb7 15. f3 Nbd7 16. e4 Ne5 17. Nxe5 Bxe5 18. Na5 Rd8 19.
Be2 Ba8 20. a4 Rb8 21. axb5 axb5 22. Ra2 Bd4+ 23. Kf1 Be5 24. Kg1 Bd4+ 25. Kf1 Be5 1/2-1/2

[Event "Schack-SM 2023: Junior-SM"]
[Site "Helsingborg Arena, Mellersta Stenbocksgatan 14, Helsingborg, Sweden"]
[Date "2023.07.08"]
[Round "8.3"]
[White "Dingertz, Erik"]
[Black "Carlsson, Ludvig"]
[Result "1-0"]
[TimeControl "90 minutes for 40 moves + 30 minutes for the rest of the game + 30 seconds per move from move one."]
[BlackTitle "IM"]
[WhiteElo "2090"]
[BlackElo "2373"]

1. c4 c6 2. g3 e5 3. d4 e4 4. Nc3 d5 5. cxd5 cxd5 6. Bg2 Nf6 7. Bg5 Nbd7 8. Qb3 Be7 9. Nh3 Nb6 10.
Nf4 Be6 11. O-O O-O 12. Rac1 h6 13. Nxe6 fxe6 14. Bf4 g5 15. Be5 Rc8 16. f3 Nc4 17. Nxe4 Nxe4 18. fxe4 Rxf1+ 19. Rxf1 Nd2 20.
Qd3 Nxf1 21. exd5 Qe8 22. Bh3 g4 23. Bxg4 Ne3 24. Bxe6+ Kf8 25. Qxe3 Bg5 26. Qa3+ 1-0

[Event "Schack-SM 2023: Sverigemastarklassen"]
[Site "Helsingborg Arena, Mellersta Stenbocksgatan 14, Helsingborg, Sweden"]
[Date "2023.07.08"]
[Round "8.2"]
[White "Hillarp Persson, Tiger"]
[Black "Johansson, Linus"]
[Result "1-0"]
[TimeControl "90 minutes for 40 moves + 30 minutes for the rest of the game + 30 seconds per move from move one."]
[WhiteTitle "GM"]
[BlackTitle "IM"]
[WhiteFideId "1700812"]
[BlackFideId "1711113"]
[WhiteElo "2493"]
[BlackElo "2466"]

1. g3 g6 2. Bg2 Bg7 3. c4 e5 4. Nc3 Nc6 5. d3 d6 6. e3 Nf6 7. Nge2 O-O 8. O-O Be6 9. Nd5 Qd7 10.
b3 Bh3 11. Nxf6+ Bxf6 12. Bxh3 Qxh3 13. Bb2 Ne7 14. Nc3 Bg7 15. Qd2 Rad8 16. f4 c6 17. Ne4 f6 18. Rf3 d5 19. cxd5 cxd5 20.
Nf2 Qe6 21. fxe5 fxe5 22. Rxf8+ Bxf8 23. Qe2 Nc6 24. Rf1 Bd6 25. Kg2 Rf8 26. e4 d4 27. Bc1 Rf7 28. h4 Bf8 29. Bd2 a6 30.
Rc1 Ba3 31. Rc4 Bf8 32. Ng4 Bg7 33. Rc5 Kf8 34. Nh2 Ke8 35. Nf3 h6 36. Rc2 Kd8 37. Rc1 Kc8 38. Rh1 Rc7 39. h5 gxh5 40.
Rxh5 Nd8 41. Rh1 Rc2 42. Rc1 Qc6 43. Qd1 Rxc1 44. Qxc1 Kd7 45. Qxc6+ Kxc6 46. Kh3 Ne6 47. Kg4 Nc5 48.
Ne1 Kb5 49. Kf5 a5 50. g4 a4 51. b4 Nb3 52. axb3 axb3 53. Bc1 b2 54. Bxb2 Kxb4 55. Nf3 Kb3 56. Bc1 Kc2 57. Ba3 Kxd3 58.
Nxe5+ Bxe5 59. Kxe5 Kc4 60. Kf4 b5 61. Bb2 b4 62. e5 Kd5 63. Ba1 1-0

[ePGN "0.1;DGT LiveChess/2.2.5"]

[Event "Schack-SM 2023: Mastarklassen-elit"]
[Site "Helsingborg Arena, Mellersta Stenbocksgatan 14, Helsingborg, Sweden"]
[Date "2023.07.08"]
[Round "8.1"]
[White "Crevatin, Leo"]
[Black "Thorn, Eric"]
[Result "1/2-1/2"]
[TimeControl "90 minutes for 40 moves + 30 minutes for the rest of games + 30 seconds per move from move one."]
[WhiteTitle "FM"]
[BlackTitle "FM"]
[WhiteElo "2265"]
[BlackElo "2379"]

1. d4 d5 2. Nf3 e6 3. c4 a6 4.
Bg5 Be7 5. Bxe7 Nxe7 6. Nbd2 Nd7 7. g3 dxc4 8. a4 b5 9. axb5 Nb6 10. bxa6 O-O 11. Bg2 Rxa6 12. Rxa6 Bxa6 13. Ne4 Bb7 14.
Nc5 Bxf3 15. Bxf3 Nf5 16. e3 e5 17. dxe5 Qe7 18. Ne4 Qxe5 19. Nc3 g6 20. O-O h5 21. Bg2 h4 22. Qg4 hxg3 23.
hxg3 Kg7 24. Rd1 Rb8 25. Qg5 Qf6 26. Qxf6+ Kxf6 27. e4 Ng7 28. Rd2 Ne6 29. Nd5+ Nxd5 30. exd5 Nc5 31. Rd4 Rxb2 32.
Rxc4 Rb5 33. Bf1 Ra5 34. Rf4+ Ke7 35. Rc4 Kd6 36. Bg2 Ra1+ 37. Kh2 Ra2 38. Kg1 Ra1+ 39. Kh2 Ra6 40. Rf4 f5 41.
Rd4 Ra4 42. Rd2 Rc4 43. Ra2 Ra4 44. Re2 Ne4 45. Rc2 Ra7 46. Rc6+ Kxd5 47. Rxg6 Kd4 48. Bxe4 fxe4 49. Rg7 Ra2 50.
Kg1 c5 51. Kf1 c4 52. Rd7+ Kc5 53. g4 c3 54. Rc7+ Kb4 55. Ke1 Kb3 56. Rb7+ Kc2 57. Ke2 Kc1+ 58. Ke3 c2 59. Kxe4 Ra4+ 60.
Kf5 Rc4 61. Rh7 Kd2 62. Rh1 c1=Q 63. Rxc1 Rxc1 64. g5 Rg1 65. g6 Kd3 66. Kf6 Ke4 67. g7 Kf3 68. Kf7 Kxf2 69. g8=Q Rxg8 70.
Kxg8 1/2-1/2

[Event "Schack-SM 2023: Junior-SM"]
[Site "Helsingborg Arena, Mellersta Stenbocksgatan 14, Helsingborg, Sweden"]
[Date "2023.07.08"]
[Round "8.4"]
[White "Wernberg, Hugo"]
[Black "Persson, Sebastian 2007"]
[Result "1-0"]
[TimeControl "90 minutes for 40 moves + 30 minutes for the rest of the game + 30 seconds per move from move one."]
[WhiteTitle "FM"]
[WhiteElo "2217"]
[BlackElo "1947"]

1. d4 d5 2. c4 c6 3. Nf3 Nf6 4. e3 e6 5. b3 Nbd7 6. Bd3 Bd6 7. Bb2 O-O 8. Nbd2 Qc7 9. c5 Be7 10.
b4 b6 11. a3 Bb7 12. O-O Rfe8 13. Re1 Nf8 14. Ne5 N6d7 15. f4 f6 16. Nxd7 Qxd7 17. e4 bxc5 18. bxc5 Bd8 19. Bc3 Bc7 20.
e5 f5 21. Rb1 Bc8 22. Qa4 h6 23. Nf3 Bd8 24. Bd2 Nh7 25. h4 g6 26. Rb2 Re7 27. Reb1 Rg7 28. Ba5 Bc7 29. Bb6 g5 30.
hxg5 hxg5 31. fxg5 Nxg5 32. Nxg5 Rxg5 33. Qa5 Rg7 34. Bxc7 Qxc7 35. Qxc7 Rxc7 36. Kf2 Kf7 37. Kf3 Kg7 38.
Kf4 Bd7 39. Rb7 Rac8 40. Ba6 Kf7 41. a4 Ke7 42. Rxc7 Rxc7 43. Rh1 Be8 44. Rh7+ Bf7 45. Be2 Kf8 46. Bh5 Kg8 47. Rxf7 Rxf7 48.
Bxf7+ Kxf7 49. Kg5 Kg7 50. a5 f4 51. Kxf4 Kg6 52. Kg4 Kh6 53. Kh4 Kg6 54. g4 a6 55. g5 1-0

[Event "Schack-SM 2023: Sverigemastarklassen"]
[Site "Helsingborg Arena, Mellersta Stenbocksgatan 14, Helsingborg, Sweden"]
[Date "2023.07.08"]
[Round "8.3"]
[White "Ernst, Thomas"]
[Black "Olsson, William"]
[Result "1/2-1/2"]
[TimeControl "90 minutes for 40 moves + 30 minutes for the rest of the game + 30 seconds per move from move one."]
[WhiteTitle "GM"]
[BlackTitle "FM"]
[WhiteFideId "1700065"]
[BlackFideId "1741721"]
[WhiteElo "2288"]
[BlackElo "2383"]

1. e4 e5 2. Nf3 Nc6 3. Bc4 Bc5 4. c3 Nf6 5. d4 exd4 6. e5 d5 7. Bb5 Ne4 8. cxd4 Bb4+ 9. Nbd2 O-O 10.
O-O Bxd2 11. Bxd2 Bg4 12. Be3 Ne7 13. h3 Be6 14. Bd3 f5 15. Ng5 Qd7 16. Nxe6 Qxe6 17. f3 Ng3 18. Re1 f4 19.
Bf2 Ngf5 20. Qd2 g5 21. Rac1 c6 22. b4 a6 23. a4 b5 24. Ra1 Kh8 25. Ra2 Rab8 26. Rc1 h5 27. axb5 axb5 28.
Ra7 h4 29. Qc2 Ng7 30. Rca1 Kg8 31. Qc5 Rfe8 32. Rc7 Rbc8 33. Rb7 Rb8 34. Rxb8 Rxb8 35. Ra7 Re8 36. Bb1 Kf8 37. Bh7 Nh5 38.
Qd6 Ng7 39. Rd7 Ra8 40. Qc7 Ne8 41. Qb7 Ra1+ 42. Kh2 Ra2 43. Kg1 Ra1+ 44. Kh2 Ra2 45. Kg1 Ra1+ 46. Kh2 Ra2 47. Kg1 1/2-1/2

[Event "Schack-SM 2023: Mastarklassen-elit"]
[Site "Helsingborg Arena, Mellersta Stenbocksgatan 14, Helsingborg, Sweden"]
[Date "2023.07.08"]
[Round "8.2"]
[White "Wiedenkeller, Michael"]
[Black "Lind, Jan-Olov"]
[Result "1-0"]
[TimeControl "90 minutes for 40 moves + 30 minutes for the rest of games + 30 seconds per move from move one."]
[WhiteTitle "IM"]
[WhiteElo "2445"]
[BlackElo "2191"]

1. d4 g6 2. e4 Bg7 3. Nc3 d6 4. Be3 a6 5. Nf3 b5 6. Bd3 Bb7 7. h4 Nf6 8. e5 dxe5 9. dxe5 Nd5 10.
Bd2 Nxc3 11. Bxc3 Qd5 12. h5 O-O 13. Qe2 c5 14. Rh4 Nc6 15. Be4 Qd7 16. hxg6 hxg6 17. Qe3 Nb4 18. Bxb4 Bxe4 19.
Rxe4 cxb4 20. Rxb4 Qc6 21. c3 a5 22. Rd4 Rfd8 23. Rad1 Rxd4 24. Rxd4 b4 25. c4 Qa4 26. Qb3 Qc6 27.
Qd1 Qc7 28. Qe2 Rc8 29. b3 a4 30. g3 axb3 31. axb3 Ra8 32. Kf1 Ra3 33. Rd3 Qc6 34.
Rd8+ Bf8 35. Qd3 Ra8 36. Rxa8 Qxa8 37. e6 Qa1+ 38. Kg2 Qc3 39. exf7+ Kg7 40. Qd5 Qxb3 41. Qe5+ Kxf7 42. Ng5+ Ke8 43.
Qb5+ 1-0

[Event "Schack-SM 2023: Junior-SM"]
[Site "Helsingborg Arena, Mellersta Stenbocksgatan 14, Helsingborg, Sweden"]
[Date "2023.07.08"]
[Round "8.5"]
[White "Lindholm, Gustav"]
[Black "Falkevall, Axel"]
[Result "1/2-1/2"]
[TimeControl "90 minutes for 40 moves + 30 minutes for the rest of the game + 30 seconds per move from move one."]
[BlackTitle "FM"]
[WhiteElo "2155"]
[BlackElo "2311"]

1. d4 Nf6 2. c4 g6 3. g3 Bg7 4. Bg2 O-O 5. Nc3 d6 6. Nf3 c5 7. O-O Nc6 8. dxc5 dxc5 9. Bf4 Nh5 10.
Be3 b6 11. Qc1 Bb7 12. Bh6 Qe8 13. Qe3 f6 14. Rad1 Bxh6 15. Qxh6 Ng7 16. h4 Nf5 17. Qc1 Rd8 18. e3 Rxd1 19.
Rxd1 Qa8 20. Nd5 Rd8 21. Qb1 Kg7 22. b3 Qb8 23. Nd2 Ne5 24. Ne4 Bxd5 25. cxd5 Nd6 26. Nxd6 Qxd6 27. Bh3 f5 28.
Qb2 Qf6 29. Qe2 Nf7 30. Bg2 Nd6 31. f3 Qe5 32. f4 Qc3 33. Rd3 Qf6 34. Kh2 Re8 35. Rd1 c4 36. bxc4 Qc3 37. e4 fxe4 38.
Bxe4 Nxc4 39. Bg2 Nd6 40. Qe5+ Qxe5 41. fxe5 Nc4 42. Re1 Rf8 43. Re2 Rf5 44. e6 Rf8 45. Rc2 Rc8 46. g4 Nd6 47.
Rxc8 Nxc8 48. g5 Nd6 49. Kg3 a5 50. Kf4 b5 51. Bf3 b4 52. Bd1 Nb5 53. Ke5 Kf8 54. Ba4 Nd6 55. Kd4 Nf5+ 56.
Kc5 Nxh4 57. d6 exd6+ 58. Kxd6 Nf5+ 59. Kd7 Ne7 60. Bb3 Nf5 61. Bc2 Ne7 62. Bb3 Nf5 63. Bc2 Ne7 64. Ba4 Nf5 65.
Bb5 Ne7 66. Ba4 Nf5 1/2-1/2

[Event "Schack-SM 2023: Sverigemastarklassen"]
[Site "Helsingborg Arena, Mellersta Stenbocksgatan 14, Helsingborg, Sweden"]
[Date "2023.07.08"]
[Round "8.4"]
[White "Sivuk, Vitaly"]
[Black "Kucuksari, Kaan"]
[Result "1/2-1/2"]
[TimeControl "90 minutes for 40 moves + 30 minutes for the rest of the game + 30 seconds per move from move one."]
[WhiteTitle "GM"]
[BlackTitle "IM"]
[WhiteFideId "14116502"]
[BlackFideId "6380166"]
[WhiteElo "2432"]
[BlackElo "2512"]

1. e4 c5 2. Nf3 e6 3. d4 cxd4 4. Nxd4 a6 5. c4 Nf6 6. Nc3 Qc7 7. Be2 Bb4 8. Qd3 Nc6 9. O-O Nxd4 10.
Qxd4 d6 11. Be3 e5 12. Qd3 Bxc3 13. Qxc3 Nxe4 14. Qa3 O-O 15. Rfd1 Bf5 16. Bd3 Bg6 17. Bxe4 Bxe4 18. Qxd6 Qxc4 19.
Qxe5 Bc6 20. b3 Qg4 21. Qg3 Qxg3 22. hxg3 Rfe8 23. Rd2 f6 24. Rad1 Kf7 25. Bb6 h5 26. a4 Re6 27. Rd6 Rxd6 28.
Rxd6 Re8 29. Kf1 Re4 30. Bc5 Re5 31. Bd4 Rf5 32. Be3 Ke7 33. Rd4 Re5 34. Bf4 Re6 35. Be3 g5 36. Rd2 Kf7 37.
Rd8 Be4 38. b4 Bc6 39. a5 Re4 40. Rd4 Rxd4 41. Bxd4 g4 42. Bc5 f5 1/2-1/2

[Event "Schack-SM 2023: Mastarklassen-elit"]
[Site "Helsingborg Arena, Mellersta Stenbocksgatan 14, Helsingborg, Sweden"]
[Date "2023.07.08"]
[Round "8.3"]
[White "Olund, Joar"]
[Black "Lindberg, Bengt"]
[Result "1/2-1/2"]
[TimeControl "90 minutes for 40 moves + 30 minutes for the rest of games + 30 seconds per move from move one."]
[WhiteTitle "FM"]
[BlackTitle "IM"]
[WhiteElo "2399"]
[BlackElo "2353"]

1. d4 e6 2. c4 Nf6 3. Nf3 d5 4. g3 Be7 5. Bg2 O-O 6. O-O a5 7. Nc3 c6 8. Nd2 b6 9. Re1 Ba6 10.
cxd5 cxd5 11. e4 Nc6 12. exd5 Nxd5 13. Nxd5 exd5 14. Nf3 Rc8 15. a3 Qd7 16. Bf4 f6 17. h4 Rce8 18. Rc1 Bd8 19.
Qc2 Rxe1+ 20. Rxe1 Ne7 21. Rc1 Re8 22. Kh2 Qf5 23. Bh3 Qxc2 24. Rxc2 Bd3 25. Rc3 Bf5 26. Bc7 Bxh3 27. Kxh3 Kf7 28.
h5 Ke6 29. Bf4 Kd7 30. g4 Nc6 31. Re3 g6 32. hxg6 1/2-1/2

[ePGN "0.1;DGT LiveChess/2.2.5"]

[Event "Schack-SM 2023: Veteran-SM 65+"]
[Site "Helsingborg Arena, Mellersta Stenbocksgatan 14, Helsingborg, Sweden"]
[Date "2023.07.08"]
[Round "8.1"]
[White "Soderberg, Per"]
[Black "Alquist, Erik"]
[Result "1-0"]
[TimeControl "90 minutes for 40 moves + 30 minutes for the rest of games + 30 seconds per move from move one."]
[WhiteTitle "CM"]
[WhiteElo "2111"]
[BlackElo "1936"]

1. e4 c5 2. Nf3 e6 3. c3 Nf6 4. e5 Nd5 5. Bc4 d6 6. d4 cxd4 7. cxd4 Be7 8. O-O O-O 9. Nc3 Nxc3 10.
bxc3 Qc7 11. exd6 Bxd6 12. Qd3 Nd7 13. Bb3 Re8 14. Bb2 Nf8 15. c4 b6 16. Rfe1 Bb7 17. d5 e5 18. Ng5 Rad8 19.
Ba4 Re7 20. Ne4 Nd7 21. Bc2 g6 22. Nxd6 Qxd6 23. Ba3 Nc5 24. Qe3 Rc8 25. Qh6 Ree8 26. Rad1 Ba6 27. Re3 Rc7 28. Rh3 f5 29.
Bxf5 Bxc4 30. Bxg6 Re6 31. Bxh7+ Kh8 32. Bg6+ 1-0

[ePGN "0.1;DGT LiveChess/2.2.5"]

[Event "Schack-SM 2023: Veteran-SM 50+"]
[Site "Helsingborg Arena, Mellersta Stenbocksgatan 14, Helsingborg, Sweden"]
[Date "2023.07.08"]
[Round "8.1"]
[White "Wahlund, Max"]
[Black "Andersson, Bjorn 1961"]
[Result "1-0"]
[TimeControl "90 minutes for 40 moves + 30 minutes for the rest of games + 30 seconds per move from move one."]
[WhiteTitle "CM"]
[WhiteElo "2002"]
[BlackElo "1791"]

1. Nf3 d5 2. c4 Nf6 3. cxd5 Nxd5 4. d4 e6 5. e4 Bb4+ 6. Bd2 Bxd2+ 7. Qxd2 Nf6 8. Nc3 b6 9. Bb5+ Bd7 10.
Bd3 c5 11. e5 cxd4 12. Nxd4 Nd5 13. Be4 Qc7 14. f4 O-O 15. Nxd5 exd5 16. Bxd5 Bc6 17. Rc1 Rd8 18. Nxc6 Rxd5 19.
Ne7+ 1-0

[Event "Schack-SM 2023: Sverigemastarklassen"]
[Site "Helsingborg Arena, Mellersta Stenbocksgatan 14, Helsingborg, Sweden"]
[Date "2023.07.08"]
[Round "8.5"]
[White "Blomqvist, Erik"]
[Black "Hector, Jonny"]
[Result "1-0"]
[TimeControl "90 minutes for 40 moves + 30 minutes for the rest of the game + 30 seconds per move from move one."]
[WhiteTitle "GM"]
[BlackTitle "GM"]
[WhiteFideId "1709437"]
[BlackFideId "1700090"]
[WhiteElo "2500"]
[BlackElo "2481"]

1. d4 d5 2. Nf3 Nf6 3. Bf4 c5 4. e3 Nc6 5. Nbd2 cxd4 6. exd4 Bf5 7. Bb5 Rc8 8. Ne5 Qb6 9. Qe2 e6 10.
c3 a6 11. Bxc6+ bxc6 12. g4 Nxg4 13. Nxg4 Qxb2 14. O-O Bxg4 15. Qxg4 Qxc3 16. Nf3 h5 17. Qg3 h4 18. Qg4 Be7 19.
Rab1 g5 20. Bxg5 Rg8 21. Rb7 Bxg5 22. Nxg5 Qd2 23. f4 Qxd4+ 24. Kh1 Qd3 25. Re1 Qg6 26. Qh3 1-0

[Event "Schack-SM 2023: Mastarklassen-elit"]
[Site "Helsingborg Arena, Mellersta Stenbocksgatan 14, Helsingborg, Sweden"]
[Date "2023.07.08"]
[Round "8.4"]
[White "Lokander, Martin"]
[Black "Soderstrom, Adrian"]
[Result "1/2-1/2"]
[TimeControl "90 minutes for 40 moves + 30 minutes for the rest of games + 30 seconds per move from move one."]
[WhiteTitle "IM"]
[BlackTitle "FM"]
[WhiteElo "2444"]
[BlackElo "2311"]

1. d4 Nf6 2. Nf3 g6 3. Bg5 Bg7 4. Nbd2 O-O 5. e4 d5 6. Bxf6 Bxf6 7. e5 Bg7 8. Bd3 c5 9. c3 Nc6 10.
Bb5 Qb6 11. Qa4 Bd7 12. O-O cxd4 13. cxd4 a6 14. Bxc6 Bxc6 15. Qa3 e6 16. Rfc1 Rfc8 17. Rc2 Bf8 18. Qb3 Qxb3 19. Nxb3 Bd7 20.
Rac1 Rxc2 21. Rxc2 Rc8 22. Rxc8 Bxc8 23. Kf1 b6 24. a3 Be7 25. Ke2 Kf8 26. Nc1 a5 27. Kd2 Ba6 28. g3 Ke8 29.
h4 h5 30. Kc3 Kd7 31. Nd3 Bc4 32. Nf4 Bf1 33. Nd2 Ba6 34. Nf3 Bf1 35. Nd2 Ba6 36. Nh3 Be2 37. Ng1 Ba6 38. Ndf3 Bf1 39.
Kd2 Ba6 40. Nh3 Ke8 41. Nhg5 Kf8 42. Kc3 Be2 43. Kd2 Ba6 44. Nh3 Bf1 45. Nf4 Ba6 46. Kc3 Ke8 47. Kd2 Kf8 48. Ne2 Ke8 49.
Nc1 Bc4 50. Ke3 Kf8 51. Ne2 Ba6 52. Nc3 Bc4 53. Na4 Bd8 54. Nd2 Bb5 55. Nc3 Bc6 56. Nf3 Be7 57. a4 Bb4 58. Nb5 Kg7 59.
b3 Bxb5 60. axb5 Kh6 61. Ng5 Kg7 62. Nh3 Be1 63. Nf4 Bc3 64. Nd3 Kf8 65. Nc1 Bb2 66. Ne2 Ke8 67. Kd3 Ba3 68. Nf4 Bb4 69.
Ke3 Kf8 70. Nd3 Bc3 71. Nc1 Bb2 72. Ne2 Ke8 73. Kd3 Ba3 74. Nc3 Kd7 75. Na2 Bb2 76. Nc3 Ba3 77. Ne2 Ke8 78. Kc2 Bb4 79.
Nf4 Be7 80. Nd3 Kf8 81. Kd2 Ke8 82. Ke3 Kf8 83. Nb2 Ke8 84. Na4 Bd8 85. Kf3 Kd7 86. Kf4 Kc7 87. Nb2 Kd7 88. Nd3 Be7 89.
Ne1 Ke8 90. Nf3 Ba3 91. Ke3 Bc1+ 92. Kd3 Kd7 93. Kc2 Ba3 94. Ng5 Ke7 95. Nf3 Kd7 96. Ne1 Be7 97. Nd3 Ke8 98. Kc3 Kf8 99.
Nb2 Ke8 100. Na4 Bd8 101. b4 axb4+ 102. Kxb4 Kd7 103. Kc3 Kc7 104. Kd3 Be7 105. Ke3 Bb4 106. Kf4 Bd2+ 107. Kf3 Ba5 108.
Ke3 Bb4 109. Nb2 Kd7 110. Nd3 Bc3 111. Nf4 Ke7 112. Nh3 Bb2 113. Ng1 Bc1+ 114. Kd3 Ke8 115. Ne2 Ba3 116. Nf4 Bb4 117.
Ke3 Ke7 118. Ng2 Bc3 119. Kd3 Bb4 120. Ne3 Be1 121. Ke2 Bc3 122. Nc2 Ke8 123. Kd3 Ba5 124. Ke3 Bc3 125. Na3 Bb4 126.
Nc2 Bc3 127. Kd3 Ba5 128. Ne3 Be1 129.
Nd1 Ke7 130. Ke3 Bb4 131. Nb2 Kd7 132. Na4 Kc7 133. Kd3 Be1 134. Ke2 Bb4 135. Ke3 Be1 136. Kf3 Bb4 1/2-1/2

[Event "Schack-SM 2023: Veteran-SM 65+"]
[Site "Helsingborg Arena, Mellersta Stenbocksgatan 14, Helsingborg, Sweden"]
[Date "2023.07.08"]
[Round "8.2"]
[White "Ivarsson, Torbjorn"]
[Black "Carlsson, Ingvar"]
[Result "1/2-1/2"]
[TimeControl "90 minutes for 40 moves + 30 minutes for the rest of games + 30 seconds per move from move one."]
[WhiteElo "2073"]
[BlackElo "1998"]

1. d4 f5 2. Nc3 Nf6 3. Bg5 d5 4. Bxf6 exf6 5. e3 Be6 6. Bd3 Qd7 7. Nge2 g6 8. Nf4 Bf7 9. h4 h5 10.
a3 Nc6 11. Qd2 O-O-O 12. O-O-O Kb8 13. Kb1 Ne7 14. Rc1 Nc8 15. Rhd1 g5 16. Nfe2 Nd6 17. Rh1 Ne4 18. Qe1 Re8 19.
Bb5 c6 20. Nxe4 fxe4 21. Ba4 Qc7 22. Bb3 b5 23. Ba2 Kb7 24. b4 a5 25. c3 Ra8 26. Bb3 axb4 27. axb4 Bd6 28. Kb2 Ra7 29.
Ra1 Rha8 30. Rxa7+ Kxa7 31. Qd1 Kb6 32. Kc2 Rg8 33. Qf1 Bg6 34. Kb2 Rf8 35. Qe1 Qd7 36. Bd1 Ra8 37. Nc1 Qa7 38.
Bb3 Qa1+ 39. Kc2 Qa7 40. Ne2 Qd7 41. Kb2 Qg4 42. g3 Qd7 43. Bd1 Qa7 44. Bb3 Qf7 45. Nc1 Bf5 46. Bd1 Rh8 47.
Nb3 g4 1/2-1/2

[Event "Schack-SM 2023: Veteran-SM 50+"]
[Site "Helsingborg Arena, Mellersta Stenbocksgatan 14, Helsingborg, Sweden"]
[Date "2023.07.08"]
[Round "8.2"]
[White "Petersson, Kjell"]
[Black "Karlsson, Ulf"]
[Result "1/2-1/2"]
[TimeControl "90 minutes for 40 moves + 30 minutes for the rest of games + 30 seconds per move from move one."]
[WhiteTitle "CM"]
[WhiteElo "2061"]
[BlackElo "1968"]

1. d4 Nf6 2. Bf4 d5 3. e3 c5 4.
c3 Nc6 5. Nd2 Bf5 6. Qb3 Qc8 7. c4 e6 8. Ngf3 cxd4 9. exd4 Be7 10. Be2 O-O 11. Rc1 Qd7 12. Ne5 Nxe5 13. dxe5 dxc4 14.
Bxc4 Nd5 15. Bxd5 exd5 16. O-O Rac8 17. h3 Rxc1 18. Rxc1 Rc8 19. Rxc8+ Qxc8 20. Nf3 Be6 1/2-1/2

[Event "Schack-SM 2023: Mastarklassen-elit"]
[Site "Helsingborg Arena, Mellersta Stenbocksgatan 14, Helsingborg, Sweden"]
[Date "2023.07.08"]
[Round "8.5"]
[White "Walinder, Lars"]
[Black "Torngren, Gustav"]
[Result "0-1"]
[TimeControl "90 minutes for 40 moves + 30 minutes for the rest of games + 30 seconds per move from move one."]
[WhiteTitle "FM"]
[BlackTitle "FM"]
[WhiteElo "2310"]
[BlackElo "2297"]

1. c4 g6 2. e4 Bg7 3. d4 d6 4. Nc3 c5 5. dxc5 Bxc3+ 6. bxc3 dxc5 7. Qc2 Qc7 8. Bd3 Nc6 9. Ne2 b6 10. O-O Bb7 11. f4 f6 12.
Be3 O-O-O 13. Nc1 Nh6 14. h3 Nf7 15. Nb3 g5 16. a4 gxf4 17. Bxf4 Nce5 18. Be2 Qc6 19. Nd2 Rhg8 20. Rf2 a5 21.
Re1 Kb8 22. Bf1 Ka7 23. Kh1 Qe6 24.
Bh2 Nd6 25. Qb3 Bc6 26. Qc2 Qd7 27. Ra1 Qb7 28. Re1 Rg6 29. Rf4 Rdg8 30. Rh4 R6g7 31. Bxe5 fxe5 32. Nf3 Nf7 33. Rh5 Qc7 34.
Rd1 e6 35. Rd2 h6 36. Bd3 Rg3 37. Qd1 Ka6 38. Bc2 Be8 39. Qe1 Qe7 40. Bd1 Qf6 41. Rf2 Qg6 42. Nxe5 Nxe5 43. Rxe5 Qg7 44.
Rxe6 Bd7 45. Bg4 Rxg4 46. Rxb6+ Kxb6 47.
Qb1+ Kc7 48. Rb2 Bc6 49. hxg4 Qxg4 50. Qf1 Rd8 0-1

[Event "Schack-SM 2023: Veteran-SM 65+"]
[Site "Helsingborg Arena, Mellersta Stenbocksgatan 14, Helsingborg, Sweden"]
[Date "2023.07.08"]
[Round "8.3"]
[White "Malmdin, Nils-Ake"]
[Black "Gromark, Per-Olof"]
[Result "1/2-1/2"]
[TimeControl "90 minutes for 40 moves + 30 minutes for the rest of games + 30 seconds per move from move one."]
[WhiteTitle "FM"]
[WhiteElo "2091"]
[BlackElo "1875"]

1. e4 c5 2. Nf3 e6 3. d4 cxd4 4. Nxd4 Nf6 5. Nc3 Nc6 6. Be3 Bb4 7. Bd3 d5 8. exd5 Nxd5 9. Nxc6 bxc6 10.
Bd2 O-O 11. a3 Nxc3 12. bxc3 Bd6 13. Qh5 f5 14. O-O Bd7 15. a4 Qc7 16. a5 Kh8 17. Ra4 Be8 18. Qh3 Bg6 19. f4 Be8 20.
Raa1 c5 21. c4 Bc6 22. Rae1 Rf6 23. Rf2 Rg6 24. Qe3 Kg8 25. Rb1 Rb8 26. Qe1 Rxb1 27. Qxb1 Rf6 28. Bc3 1/2-1/2

[Event "Schack-SM 2023: Veteran-SM 50+"]
[Site "Helsingborg Arena, Mellersta Stenbocksgatan 14, Helsingborg, Sweden"]
[Date "2023.07.08"]
[Round "8.3"]
[White "Kirppo, Ronny"]
[Black "Eriksson, Bengt"]
[Result "1-0"]
[TimeControl "90 minutes for 40 moves + 30 minutes for the rest of games + 30 seconds per move from move one."]
[WhiteElo "1886"]
[BlackElo "2016"]

1. d4 Nf6 2. c4 e5 3. dxe5 Ng4 4. Bf4 Bb4+ 5. Nd2 d6 6. a3 dxe5 7. Bg3 Bxd2+ 8. Qxd2 Qxd2+ 9. Kxd2 Nc6 10.
e3 Be6 11. Nf3 O-O-O+ 12. Kc3 Nf6 13. Nd2 Rd7 14. f3 Rhd8 15. Rd1 b5 16. Be2 a5 17. b3 b4+ 18. axb4 axb4+ 19. Kc2 Bf5+ 20.
Kc1 Na5 21. Ne4 Bxe4 22. fxe4 Nxb3+ 23. Kc2 Rxd1 24. Rxd1 Rxd1 25. Bxd1 Nc5 26. Bxe5 Ncxe4 27. Bf3 Nc5 28. Bd4 Na6 29.
Bc6 Nb8 30. Bf3 Ne8 31. Kb3 Na6 32. Bc6 Nf6 33. Ka4 Nb8 34. Bf3 b3 35. Kxb3 Kd7 36. h4 Ne8 37. Bg4+ Kd6 38. e4 Nc6 39. c5+ Ke7 40. Bc3 Nf6 41.
Bf3 Ke6 42. g3 g6 43. Ka4 Ne5 44. Bg2 c6 45. Bh3+ Nfg4 46. Bxe5 Kxe5 47. Bxg4 Kxe4 48. Ka5 f5 49. Bd1 h5 50.
Kb6 f4 51. gxf4 Kxf4 52. Kxc6 Kg3 53. Bc2 Kxh4 54. Bxg6 1-0